 Dungeon Crawl Stone Soup version 0.29-a0-234-g0dae59b3db (webtiles) character file.

Game seed: 1228860301983214599

402 jfcaron the Skirmisher (level 6, 0/49 HPs)
             Began as a Demonspawn Fighter on Mar 4, 2022.
             Slain by a black bear (2 damage)
             ... on level 4 of the Dungeon.
             The game lasted 00:06:05 (3694 turns).

jfcaron the Skirmisher (Demonspawn Fighter)         Turns: 3694, Time: 00:06:06

Health: 0/49       AC:  9    Str: 17 (18) XL:     6   Next: 55%
Magic:  6/6        EV:  9    Int:  8 (9)  God:
Gold:   196        SH:  5    Dex: 12 (13) Spells: 5/5 levels left

rFire   + . .      SeeInvis .   a - +0 war axe
rCold   + . .      Faith    .   c - +0 buckler
rNeg    . . .      Spirit   .   b - +0 scale mail
rPois   .          Reflect  .   (helmet restricted)
rElec   .          Harm     .   k - scarf {rC+ rF+}
rCorr   .          Rampage  .   u - +1 pair of gloves {hurl}
Will    .....                   (no boots)
Stlth   ..........              (no amulet)
HPRegen 0.16/turn               (no ring)
MPRegen 0.10/turn               (no ring)

@: flying
A: horns 1, powered by pain 1
a: no special abilities


You were on level 4 of the Dungeon.
You visited 1 branch of the dungeon, and saw 4 of its levels.

You collected 196 gold pieces.

Inventory:

Hand Weapons
 a - a +0 war axe (weapon)
 t - a +3 dagger of venom
Missiles
 j - 39 stones (quivered)
 w - 2 curare-tipped darts {!f}
 y - 2 poisoned darts
Armour
 b - a +0 scale mail (worn)
 c - a +0 buckler (worn)
 k - a scarf of resistance (worn)
 u - a +1 pair of gloves of hurling (worn)
Magical Staves
 r - a staff of earth
Jewellery
 q - a ring of ice
Wands
 g - a wand of polymorph (2)
Scrolls
 d - a scroll of enchant armour {unknown}
 e - a scroll of fear {unknown}
 f - 4 scrolls of identify {unknown}
 h - a scroll of summoning {unknown}
 i - a scroll of silence {unknown}
 l - a scroll of immolation {unknown}
 n - a scroll of teleportation {unknown}
 o - 3 scrolls of blinking {unknown}
 s - a scroll of torment
 A - a scroll of fog {unknown}
Potions
 z - 3 potions of curing


   Skills:
 + Level 4.3 Fighting
 + Level 3.4 Axes
 + Level 1.5 Throwing
 + Level 3.9 Armour
 + Level 4.0 Shields


You had 5 spell levels left.
You didn't know any spells.
Your spell library was empty.

Dungeon Overview and Level Annotations

Branches:
Dungeon (4/15)
 Temple: D:4-7

Altars:
Trog
Zin


Innate Abilities, Weirdness & Mutations

You have a pair of small horns on your head.
You sometimes gain a little power by taking damage.


Message History

You hit the black bear. You headbutt the black bear.
The black bear is almost dead.
You barely miss the black bear. The black bear barely misses you.
The black bear claws you but does no damage.
The black bear barely misses you.
The black bear goes berserk!
You hit the black bear. You headbutt the black bear.
The black bear is almost dead.
You barely miss the black bear. The black bear closely misses you.
The black bear claws you but does no damage. x2
The black bear bites you. The black bear barely misses you.
The black bear closely misses you. The black bear bites you.
The black bear claws you but does no damage.
The black bear claws you. The black bear bites you.
The black bear claws you. x2
You are too injured to fight recklessly!
You are too injured to fight recklessly!
Unknown command.
The black bear bites you but does no damage.
You block the black bear's attack. The black bear claws you.
* * * LOW HITPOINT WARNING * * *
The black bear bites you.
* * * LOW HITPOINT WARNING * * *
The black bear barely misses you.
The black bear claws you but does no damage.
Aiming: Polymorph
Press: ? - help, Shift-Dir - straight line, f/p - black bear
Aim: a black bear (lightly wounded, will become a troll, a wolf, or a human, chance to affect: 49%)
Okay, then.
It was a potion of flight.
You feel very buoyant.
You fly up into the air.
The black bear bites you but does no damage.
The black bear claws you but does no damage.
The black bear claws you.
* * * LOW HITPOINT WARNING * * *
The black bear closely misses you. The black bear barely misses you. x2
Okay, then.
As you read the scroll labelled JESKYLL NUKYL, it crumbles to dust.
You feel a surge of unholy energy.
The black bear convulses!
It was a scroll of torment.
The black bear bites you.
You die...

.( ##....# #( ##....##
#.( #.....# #..###
##.....# #...####
##.....##
#......###......#
#........##....##
#....h.....#...#
#..#.h@.......###
#..#....##......####
#........####......####
#.........######......#
#..........## ####....
#...........# ####.
#...........# ## .
####### #...........#
### ### .##.....#
#...........# ##.###..


You could see 2 black bears.

Vanquished Creatures
  A wolf (D:3)
  A phantom (D:4)
  A hound (D:4)
  Jessica (D:2)
  Ijyb (D:3)
  Terence (D:3)
  3 gnolls (D:4)
  6 adders
  2 dart slugs
  3 orcs (D:3)
  3 ball pythons
  2 bats
  5 endoplasms
  2 giant cockroaches (D:1)
  3 goblins
  2 hobgoblins (D:2)
  7 jackals
  9 kobolds
  A quokka (D:1)
  5 frilled lizards
  4 rats
63 creatures vanquished.

Notes
Turn   | Place    | Note
-------+----------+-------------------------------------------
     0 | D:1      | jfcaron the Demonspawn Fighter began the quest for the Orb.
     0 | D:1      | Reached XP level 1. HP: 18/18 MP: 1/1
   156 | D:1      | Gained mutation: You sometimes gain a little power by
                  | taking damage. [demonic ancestry]
   156 | D:1      | Reached XP level 2. HP: 24/24 MP: 2/2
   197 | D:1      | Found a faded altar of an unknown god.
   741 | D:2      | Gained mutation: You have a pair of small horns on your
                  | head. [demonic ancestry]
   741 | D:2      | Reached XP level 3. HP: 10/29 MP: 3/3
  1322 | D:2      | Noticed Jessica
  1325 | D:2      | Killed Jessica
  1326 | D:2      | Reached XP level 4. HP: 35/35 MP: 4/4
  1792 | D:3      | Noticed Ijyb
  1966 | D:3      | Killed Ijyb
  2447 | D:3      | Reached XP level 5. HP: 38/42 MP: 5/5
  2894 | D:3      | Noticed Terence
  2918 | D:3      | Killed Terence
  3179 | D:4      | Noticed Sigmund
  3180 | D:4      | Noticed Sigmund
  3180 | D:4      | Sigmund changed into Sigmund the wolf
  3203 | D:3      | Killed Sigmund the wolf
  3204 | D:3      | Reached skill level 1 in Throwing
  3306 | D:4      | Noticed a phantom
  3320 | D:4      | Killed a phantom
  3321 | D:4      | Reached XP level 6. HP: 33/48 MP: 6/6
  3679 | D:4      | Found a bloodstained altar of Trog.
  3692 | D:4      | HP: 7/49 [black bear (5)]
  3693 | D:4      | HP: 2/49 [black bear (5)]
  3694 | D:4      | Slain by a black bear

Illustrated notes

Levels and vault maps discovered:
D:1:      lemuel_arrival_lava_pool, layout_basic, ebering_ecumenical_altar_hall,
          minmay_misc_feat_cross
D:2:      layout_loops_cross, uniq_jessica
D:3:      layout_basic, mainiacjoe_overflow_concentric_impassable, uniq_terence,
          uniq_ijyb
D:4:      layout_cave_pods, gammafunk_temple_overflow_claw,
          trog_ov_bears_minmay, uniq_crazy_yiuf_cottage, uniq_sigmund,
          uniq_menkaure

Skill      XL: |  1  2  3  4  5  6 |
---------------+-------------------+-----
Axes           | 2 3 |  3.4
Armour         | 3 |  3.9
Shields        | 3 4 |  4.0
Fighting       | 4 |  4.3
Throwing       | 1 |  1.5

Action                   |  1- 3 |  4- 6 || total
-------------------------+-------+-------++-------
Melee: War axe           |    60 |   118 ||   178
       Headbutt          |     1 |    20 ||    21
       Unarmed           |       |     5 ||     5
Throw: Stone             |     2 |    57 ||    59
Evoke: Wand              |       |     1 ||     1
  Use: Potion            |       |     7 ||     7
       Scroll            |       |     1 ||     1
Armor: Scale mail        |    20 |    61 ||    81
       Skin              |       |    10 ||    10
Dodge: Dodged            |    33 |    74 ||   107
Block: Buckler           |    10 |    42 ||    52

Table legend: (Time is in decaauts)
 A = Elapsed time spent in this place.
 B = Non-inter-level travel time spent in this place.
 C = Inter-level travel time spent in this place.
 D = Time resting spent in this place.
 E = Time spent auto-exploring this place.
 F = Levels seen in this place.
 G = Mean time per level.
                   A        B        C        D        E       F      G
               +--------+--------+--------+--------+--------+-----+--------+
         Total |   3765 |   3491 |    274 |    625 |   2293 |   4 |  941.2 |
       Dungeon |   3765 |   3491 |    274 |    625 |   2293 |   4 |  941.2 |
               +--------+--------+--------+--------+--------+-----+--------+

Top non-repeatable levels by time:
     D:2: 1342 daAuts
     D:3: 1256 daAuts
     D:1: 666 daAuts
     D:4: 499 daAuts
